 Dungeon Crawl Stone Soup version 0.32-a0-818-gb728d0252e (webtiles) character file.

Game seed: 12876226445717093901

926 smashvw the Covered (level 7, -1/91 HPs)
             Began as an Armataur Fighter on Mar 24, 2024.
             Was an Initiate of Gozag.
             Slain by an orc wizard
             ... wielding a +1 dagger of venom
              (2 damage)
             ... on level 4 of the Dungeon.
             The game lasted 00:09:38 (4132 turns).

smashvw the Covered (Armataur Fighter)              Turns: 4132, Time: 00:09:39

Health: -1/91      AC: 23    Str: 30    XL:     7   Next: 85%
Magic:  7/7        EV:  1    Int:  8    God:    Gozag
Gold:   655        SH:  4    Dex:  9    Spells: 6/6 levels left

rFire   . . .        a - +0 flail
rCold   . . .        c - +0 buckler
rNeg    . . .        i - melded +0 plate armour
rPois   +            (helmet currently unavailable)
rElec   .            h - melded +0 cloak
rCorr   .            m - melded +0 pair of gloves
SInv    .            (no barding)
Will    .....        (no amulet)
Stlth   +            o - ring of flight
HPRegen 0.35/turn    q - +6 ring of strength
MPRegen 0.10/turn

%: roll
@: lethally poisoned (-1 -> -8), tree-form
A: stationary, stasis, torment immunity, boosted hp, large, (deformed body),
(tough skin 3), (armoured tail), rollpage 2
a: Renounce Religion, Potion Petition, Call Merchant, Bribe Branch


You were on level 4 of the Dungeon.
You worshipped Gozag.
Gozag was pleased with you.
You were a tree.
You visited 1 branch of the dungeon, and saw 4 of its levels.
You also visited: Sewer.

You collected 691 gold pieces.
You paid 36 gold pieces to Gozag.

Inventory:

Hand Weapons
 a - a +0 flail (weapon)
Armour
 b - a +0 scale mail
 c - a +0 buckler (worn)
 h - a +0 cloak (melded)
 i - a +0 plate armour (melded)
 m - a +0 pair of gloves (melded)
Jewellery
 o - a ring of flight (left branch)
 q - a +6 ring of strength (right branch)
Wands
 y - a wand of mindburst (13)
Scrolls
 e - 3 scrolls of immolation {unknown}
 f - a scroll of revelation {unknown}
 j - 6 scrolls of identify {unknown}
 l - 2 scrolls of fog {unknown}
 n - a scroll of fear {unknown}
 r - a scroll of poison {unknown}
 s - a scroll of acquirement {unknown}
 t - 4 scrolls of teleportation {unknown}
 u - a scroll of vulnerability {unknown}
Potions
 d - a potion of might
 g - a potion of berserk rage {unknown}
 k - a potion of lignification
 p - a potion of curing {unknown}
 v - a potion of heal wounds {unknown}
 w - a potion of haste {unknown}
 x - a potion of magic {unknown}
 z - a potion of mutation {unknown}


   Skills:
 + Level 5.1 Fighting
 + Level 4.6 Maces & Flails
 + Level 6.7 Armour
 - Level 5.0 Shields


You had 6 spell levels left.
You didn't know any spells.
Your spell library contained the following spells:

 Spells                   Type           Power      Damage    Failure   Level
 Kiss of Death            Conj/Necr      0%         2d5       45%         1
 Confusing Touch          Hex            0%         N/A       83%         3
 Dispel Undead            Necr           0%         3d6       99%         4


Dungeon Overview and Level Annotations

Branches:
Dungeon (4/15)              Sewer (visited)
 Temple: D:4-7

Altars:
Gozag
Uskayaw

Shops:
D:1 :   D:4 *


Innate Abilities, Weirdness & Mutations

You are a tree.
Your roots penetrate the ground, keeping you stationary.
You cannot be teleported.
You are immune to unholy pain and torment.
Your maximum health is greatly increased.
Your equipment is partially melded.
((Armour fits poorly on your strangely shaped body.))
((You have extremely tough skin. (AC +3)))
((You have a long armoured tail.))
You regenerate magic and health when rolling toward enemies. (Rampage Regen)


Message History

You hear a shout!
You feel sick. Something hits you.
* * * LOW HITPOINT WARNING * * *
You are lethally poisoned!
You miss something.
* * * LOW HITPOINT WARNING * * *
You feel very sick.
You hear a shout!
You thump something!
Your tail-slap misses something.
* * * LOW HITPOINT WARNING * * *
You feel very sick. Something hits you but does no damage.
You are more poisoned.
Okay, then.
Okay, then.
It was a potion of lignification.
You turn into a tree.
Your +0 cloak melds into your body.
Your +0 pair of gloves melds into your body.
Your +0 plate armour melds into your body.
Your roots penetrate the ground.
* * * LOW HITPOINT WARNING * * *
You feel very sick. Something hits you but does no damage.
You cannot move.
You cannot move.
You cannot move.
Hit: a) +0 flail
Press: ? - help, Dir - move target You miss something.
* * * LOW HITPOINT WARNING * * *
You feel very sick. Something hits you but does no damage.
Hit: a) +0 flail
Press: ? - help, Dir - move target You miss something.
* * * LOW HITPOINT WARNING * * *
You feel very sick. Something hits you.
You die...
Your body crumbles into a pile of gold.

######)#.....###
#.#.####...#.#
......(#.#######.....#.#
##......
.......#.#....##.#####.#
#....#.#
.~)....#.#.....#..####.#
#.......
~~~~...#.#.............#
#.......
#~####.#.#.............#
######..
~~~~~#...##......#####.#
#.. ####~#########.$$#
#.# #.. ~~~~~# #.{♣# #)#
#.. #~#### ##..# #.# #..
#~~~~# ##.#####.## #..
#~##~# #.......### ##<.
#~~#~#
###############..#
##~#~# ###..[....##
##~#~# ##.####### #~~#.#
#.# ## ###### #.# #.


There were no monsters in sight!

Vanquished Creatures
  A phantom (D:4)
  A scorpion (D:4)
  2 bombardier beetles (D:4)
  2 orc priests (D:4)
  A hound (D:4)
  4 jellies (Sewer)
  A gnoll bouda (D:4)
  4 iguanas (D:4)
  11 adders
  14 gnolls
  3 river rats
  2 dart slugs (D:4)
  7 ribbon worms
  7 orcs
  7 ball pythons
  5 bats
  12 endoplasms
  8 giant cockroaches
  4 goblins
  5 hobgoblins
  3 quokkas
  6 frilled lizards
  7 kobolds
  10 rats
127 creatures vanquished.

Notes
Turn   | Place    | Note
-------+----------+-------------------------------------------
     0 | D:1      | smashvw the Armataur Fighter began the quest for the Orb.
     0 | D:1      | Reached XP level 1. HP: 18/18 MP: 1/1
   188 | D:1      | Reached XP level 2. HP: 25/25 MP: 2/2
   450 | D:1      | Found Ecoichi's Book Emporium.
   573 | D:1      | Found a faded altar of an unknown god.
   776 | D:2      | Reached skill level 4 in Armour
   873 | D:2      | Reached XP level 3. HP: 30/30 MP: 3/3
  1740 | D:2      | Reached XP level 4. HP: 38/38 MP: 4/4
  2043 | D:3      | Found an opulent altar of Gozag.
  2055 | D:3      | Became a worshipper of Gozag Ym Sagoz the Greedy
  2235 | D:3      | Reached XP level 5. HP: 38/45 MP: 5/5
  2402 | D:3      | Found a hide-covered altar of Uskayaw.
  2746 | D:4      | Reached skill level 5 in Shields
  2958 | D:4      | Reached skill level 5 in Armour
  2958 | D:4      | Reached XP level 6. HP: 52/52 MP: 6/6
  3191 | D:4      | Gained mutation: You regenerate magic and health when
                  | rolling toward enemies. (Rampage Regen) [Armataur growth]
  3191 | D:4      | Reached XP level 7. HP: 46/60 MP: 7/7
  3237 | D:4      | Reached skill level 6 in Armour
  3360 | D:4      | Found Jaodely's Assorted Antiques.
  3406 | D:4      | Found a glowing drain.
  3413 | Sewer    | Entered a sewer
  3616 | Sewer    | Found a viscous altar of Jiyva.
  3711 | Sewer    | Reached skill level 5 in Fighting
  4131 | D:4      | HP: 4/91 [poisoned by an orc wizard]
  4132 | D:4      | HP: 1/91 [poisoned by an orc wizard]
  4132 | D:4      | Slain by an orc wizard

Illustrated notes

Levels and vault maps discovered:
D:1:      dpeg_arrival_pits, layout_loops_ring, serial_shops,
          nicolae_shop_tiny_statue_garden, dilly_ecumenical_altar_fadedgnrine
D:2:      layout_basic
D:3:      layout_loops_ring, old_standard_altar, eat_drink_and_be_merry_uskayaw
D:4:      layout_rooms, serial_shops, nicolae_inconvenience_store,
          serial_co_window_serial, co_window_corner_a, co_window_paths_a,
          co_window_paths_a, co_window_corner_a, co_window_corner_a,
          co_window_2corner, co_window_broadway_c, co_window_unsneaky_path_b,
          co_window_of_opportunity_b, co_window_2corner, glass_columns_a,
          glass_columns_b, glass_columns_a, glass_columns_c, glass_columns_c,
          lightli_sewer_entry_pipes

Skill      XL: |  1  2  3  4  5  6  7 |
---------------+----------------------+-----
Maces & Flails | 2 3 4 |  4.6
Armour         | 4 5 6 |  6.7
Fighting       | 3 4 5 |  5.1
Shields        | 4 5 |  5.0

Action                     |  1- 3 |  4- 6 |  7- 9 || total
---------------------------+-------+-------+-------++-------
  Melee: Flail             |   118 |   162 |   151 ||   431
         Tailslap          |     5 |    18 |    20 ||    43
    Use: Potion            |       |       |     1 ||     1
   Stab: Distracted        |       |       |     1 ||     1
 Armour: Scale mail        |    31 |       |       ||    31
         Plate armour      |    72 |   147 |   103 ||   322
         Skin              |       |       |     3 ||     3
  Dodge: Dodged            |    25 |    21 |    30 ||    76
  Block: Buckler           |    28 |    33 |    18 ||    79

Table legend: (Time is in decaauts)
 A = Elapsed time spent in this place.
 B = Non-inter-level travel time spent in this place.
 C = Inter-level travel time spent in this place.
 D = Time resting spent in this place.
 E = Time spent auto-exploring this place.
 F = Levels seen in this place.
 G = Mean time per level.
                   A        B        C        D        E       F      G
               +--------+--------+--------+--------+--------+-----+--------+
         Total |   4244 |   4140 |    104 |      0 |   3208 |   5 |  848.8 |
       Dungeon |   3837 |   3733 |    104 |      0 |   2925 |   4 |  959.2 |
         Sewer |    407 |    407 |      0 |      0 |    283 |   1 |  407.0 |
               +--------+--------+--------+--------+--------+-----+--------+

Top non-repeatable levels by time:
     D:2: 1213 daAuts
     D:4: 1041 daAuts
     D:3: 853 daAuts
     D:1: 728 daAuts
   Sewer: 407 daAuts
